[Event "Sheffield Masters 2024"]
[White "Wall,Tim P"]
[Black "Chow,Samuel"]
[Site "Sheffield"]
[Round "8.4"]
[Annotator "TA"]
[Result "1-0"]
[Date "2024.04.14"]
[WhiteElo "2197"]
[BlackElo "2350"]
[PlyCount "81"]
[TimeControl "5400+30"]

1. e4 e6 2. d4 d5 3. e5 c5 4. c3 Nc6 5. Nf3 Qb6 6. Bd3 cxd4 7. O-O Bd7 8. Re1 Nge7 9. h4 {[%emt 0:0:39] Black is slightly better.} a6 10. h5 g6 11. Nbd2 gxh5 12. Nb3 dxc3 13. bxc3 Ng6 {[%emt 0:1:5] Against Nh4} 14. Nbd4 Qc7 15. Rb1 Be7 (15... Ngxe5 16. Nxe5 Nxe5 17. Bf4 $11 )16. Qe2 Rg8 17. Bd2 h4 18. Kh1 (18. Nxc6 $11 Bxc6 19. Nd4 )Na5 $15 19. Ng5 Rg7 20. Nh3 (20. Ngf3 $15 {was preferrable.} )b5 (20... Nc4 $17 {Strongly threatening ...Nxd2.} 21. Bh6 Rg8 )21. f4 $1 $11 {[%emt 0:2:33] And now f5 would win.} Nc4 22. Bc1 Kd8 (22... O-O-O $11 )23. Qh5 (23. f5 $16 {Threatens to win with f6.} Ngxe5 24. Bxc4 (24. Bf4 Bd6 $16 ))Qa5 (23... Kc8 $11 {keeps the balance.} )24. Bxc4 $1 $16 bxc4 (24... Qxc3 $16 25. Bb2 Qg3 (25... Qxc4 $2 26. f5 $18 ))25. f5 exf5 26. Bh6 Rg8 27. Ng5 $2 (27. Nxf5 Qxc3 28. Be3 Be6 $11 (28... Nxe5 $2 29. Nxe7 Kxe7 30. Qxh4+ f6 31. Bd4 $18 ))(27. Bd2 $18 Rh8 28. Ng5 (28. Nxf5 Re8 $16 ))Qxc3 $14 28. Nxf7+ (28. Nxf5 Bxf5 29. Nxf7+ Kc7 30. Qxf5 h3 $17 )Kc7 29. Be3 $36 {[%emt 0:2:32][%cal Yh6e3,Ye3d4,Yd4c3][%mdl 2080] White is in control. Dancing on a razor blade. White is much more active.} (29. Nxf5 Bxf5 30. Qxf5 h3 $17 )h3 $2 {[%emt 0:5:40][%mdl 8192] Loses the game.} 30. Qxh3 $18 Qd3 31. e6 {[%emt 0:0:53] Intending Qg3+ and mate.} Bb5 32. Nxf5 {[%emt 0:0:31] A dynamic duo of knights.} ({Inferior is} 32. Qxf5 Qxf5 33. Nxf5 Bf6 $11 )d4 33. Qg3+ ({Weaker is} 33. Bxd4 Qxh3+ 34. gxh3 Rae8 $16 )Kb6 34. Bxd4+ Ka5 35. Bc3+ Ka4 {[%emt 0:0:14] [#]} 36. Qxd3 $1 {[%emt 0:0:42] White mates.} cxd3 37. Nxe7 Nxe7 38. Re4+ Ka3 39. Rb3+ Kxa2 40. Rb2+ Ka3 {[%emt 0:0:5] [#]} 41. Re1 $1 {[%emt 0:0:12] Weighted Error Value: White=0.23 (precise) /Black=0.43.  Loses game:     	---       	Black=1      Missed win:     	White=1     	---        Mistake:       	White=3     	Black=4      Inaccurate:     	White=2     	Black=6      OK:         	White=5     	Black=5      Best:        	White=2     	Black=3      Strong:       	White=2     	---} 1-0

[Event "Sheffield Masters 2024"]
[White "Pein,Jonathan"]
[Black "O`Gorman,Tom"]
[Site "Sheffield"]
[Round "8.5"]
[Annotator "TA"]
[Result "0-1"]
[Date "2024.04.14"]
[WhiteElo "2247"]
[BlackElo "2321"]
[PlyCount "86"]
[TimeControl "5400+30"]

1. e4 e5 2. Nf3 Nc6 3. Bc4 Bc5 4. d4 Bxd4 5. Nxd4 Nxd4 6. Be3 Nc6 7. Qg4 Qf6 {[%emt 0:1:36][%cal Yd7d5] And now ...d5! would win.} 8. Nc3 {[%emt 0:2:31] Black is slightly better.} d6 (8... d5 $6 9. Qg3 Nge7 (9... dxc4 $2 10. Nd5 $16 )10. Nxd5 (10. Bxd5 Be6 $16 )Nxd5 11. Bxd5 $16 )9. Qe2 Be6 10. Nd5 Qd8 11. O-O-O Na5 {[%emt 0:18:31] ...Nxc4 would now be deadly.} 12. Bd3 Ne7 13. Qd2 Bxd5 (13... Nac6 $15 )14. exd5 $11 c5 15. dxc6 Naxc6 16. Be4 d5 17. Bxd5 Nxd5 18. Qxd5 O-O 19. Qxd8 Rfxd8 20. Rxd8+ Rxd8 21. Rd1 Rxd1+ 22. Kxd1 {[%emt 0:0:2][%mdl 4096] Endgame. KB-KN} f5 23. f3 Kf7 24. Kd2 Ke6 25. c4 a6 26. Kc3 f4 27. Bf2 Kf5 28. b4 e4 29. b5 Ne5 30. fxe4+ Kxe4 31. a4 g5 32. Ba7 (32. Bg1 $11 {keeps the balance.} )h5 ({Black should try} 32... g4 $1 $17 )33. c5 {[%emt 0:0:51][%cal Yc5c6] Threatens to win with c6!} axb5 34. axb5 g4 {[%emt 0:11:59] [#]} 35. c6 $1 bxc6 (35... Nxc6 36. bxc6 )36. b6 h4 (36... g3 37. hxg3 fxg3 38. b7 )(36... Nd7 $5 37. b7 $8 f3 $11 )37. b7 Nd7 38. b8=Q $4 {[%emt 0:3:0][%mdl 8192] Loses the game.} (38. b8=R $2 {is the wrong capture.} Nxb8 39. Bxb8 Ke3 $19 )(38. Kd2 $11 g3 39. hxg3 (39. b8=R Nxb8 40. hxg3 hxg3 $11 )fxg3 40. Bb6 (40. b8=R Nxb8 41. Bxb8 Kf5 $11 ))Nxb8 {[%emt 0:0:4] Black mates.} 39. Bxb8 {[%emt 0:0:0] [#]} Ke3 $1 40. Kc2 {[%emt 0:0:21] [#]} f3 $1 41. gxf3 gxf3 42. Kd1 f2 43. Ba7+ Kf3 {[%emt 0:0:6] Weighted Error Value: White=0.28 (precise) /Black=0.12 (very precise) .  Loses game:     	White=1     	---        Mistake:       	White=1     	Black=2      Inaccurate:     	White=3     	Black=1      OK:         	White=16    	Black=15     Best:        	White=1     	Black=2} 0-1

[Event "Sheffield Masters 2024"]
[White "O`Gorman,Tom"]
[Black "Nagy,Gabor"]
[Site "Sheffield"]
[Round "9.1"]
[Annotator "TA"]
[Result "1-0"]
[Date "2024.04.14"]
[WhiteElo "2321"]
[BlackElo "2436"]
[PlyCount "129"]
[TimeControl "5400+30"]

1. d4 Nf6 2. c4 e6 3. Nc3 d5 4. cxd5 exd5 5. Bg5 Be7 6. e3 h6 7. Bh4 c6 8. Bd3 Ne4 9. Bxe7 Qxe7 10. Bxe4 dxe4 11. Nge2 O-O 12. Qc2 Bf5 13. O-O Bh7 14. Rac1 Nd7 15. Rfd1 Rac8 16. Qa4 a6 17. Qa5 Rfd8 18. Na4 g5 19. Nec3 Bg6 20. Nb6 Nxb6 21. Qxb6 Rd6 22. Qb3 Kh7 23. Qb4 Rc7 24. Na4 f6 25. Nb6 c5 (25... Qd8 $11 )26. Rxc5 $16 Rxc5 27. Qxc5 Qd8 28. Nc4 Rc6 29. Qb4 b5 (29... b6 $142 )30. Na5 $16 Rc2 31. h3 Bh5 32. Re1 (32. Nb7 Qd7 33. Nc5 Rxc5 34. Qxc5 Bxd1 $19 )(32. Rf1 $16 )Bf7 $1 $14 33. a4 (33. Nb3 $14 )bxa4 ({Black should play} 33... Qd7 $11 )34. Nb7 Qd7 $1 35. Nc5 Qb5 $1 36. Qa3 Qxb2 (36... a5 {looks sharper.} 37. Nxe4 Qb4 38. Rb1 f5 )37. Qxb2 Rxb2 38. Nxa4 Rc2 39. Nc5 a5 40. Ra1 f5 (40... Ra2 $11 41. Rxa2 Bxa2 )41. Rxa5 $16 Rc1+ 42. Kh2 Rc2 43. Ra7 (43. d5 $16 {Strongly threatening d6.} Bxd5 44. Nd7 )Kg8 $1 $11 44. Kg3 h5 $1 45. h4 gxh4+ (45... f4+ $1 $11 {keeps the balance.} 46. exf4 gxh4+ 47. Kh3 (47. Kxh4 Rxf2 48. Kg3 e3 $11 )Rxf2 )46. Kxh4 $16 Rxf2 47. Kg5 (47. g3 $1 $14 )f4 $11 48. exf4 Rxg2+ 49. Kf6 Rg6+ 50. Kf5 e3 51. Re7 Rg3 52. Ne4 Bg6+ $2 (52... Rg7 $14 53. Nf6+ Kf8 54. Rxe3 Bg6+ 55. Kg5 Bf7+ 56. Kh4 Rg6 57. Nh7+ (57. Nxh5 Rh6 $11 )Kg7 )53. Kf6 $18 Bxe4 54. Rxe4 Rg4 55. d5 (55. Rxe3 Rxf4+ 56. Ke5 Rf1 $11 )e2 56. Rxe2 $2 ({Better is} 56. Kf5 $18 Rg1 57. Rxe2 )Rxf4+ $11 {[%emt 0:0:0] [#]} 57. Ke7 (57. Ke5 $1 $16 Rf3 58. Rh2 )Rf7+ $11 58. Ke6 Kf8 $2 (58... Kg7 $11 )59. d6 Rf1 {[%emt 0:0:0] [#]} 60. d7 $1 Rd1 61. Re5 h4 62. Rf5+ Kg7 63. Rd5 Rxd5 64. Kxd5 h3 65. d8=Q (65. d8=R $2 {too greedy.} h2 66. Ke5 (66. Rd7+ $2 Kg6 $19 )h1=Q $19 (66... h1=R 67. Kf4 $11 ))1-0